 Dungeon Crawl Stone Soup version 0.29-a0-194-g6e3aafee17 (webtiles) character file.

Game seed: 16676518269104058463

2172 Zeldest the Skirmisher (level 9, -7/73 HPs)
             Began as a Mummy Chaos Knight on Feb 22, 2022.
             Was a Plaything of Xom.
             Mangled by a wyvern (10 damage)
             ... on level 6 of the Dungeon.
             The game lasted 00:09:59 (5760 turns).

Zeldest the Skirmisher (Mummy Chaos Knight)         Turns: 5760, Time: 00:10:00

Health: -7/73      AC: 17    Str: 25    XL:     9   Next: 11%
Magic:  9/9        EV: 10    Int: 12    God:    Xom [....*.]
Gold:   284        SH:  0    Dex: 11    Spells: 8/8 levels left

rFire   + + .      SeeInvis .   c - +0 hand axe
rCold   . . .      Faith    .   (no shield)
rNeg    + + +      Spirit   .   d - +0 fire dragon scales
rPois   ∞          Reflect  .   n - +0 helmet
rElec   .          Harm     .   t - +0 cloak
rCorr   .          Rampage  .   o - +2 pair of gloves
Will    +....                   i - +0 pair of boots
Stlth   ..........              (no amulet)
HPRegen 0.22/turn               e - +6 ring of strength
MPRegen 0.11/turn               g - ring of protection from fire

@: no status effects
A: cold resistance 1, negative energy resistance 3, torment resistance 2, heat
vulnerability 1, no potions
a: Renounce Religion


You were on level 6 of the Dungeon.
You worshipped Xom.
You were a beloved toy of Xom.
You visited 1 branch of the dungeon, and saw 9 of its levels.

You collected 284 gold pieces.

Inventory:

Hand Weapons
 a - a +0 hand axe of chaos
 c - a +0 hand axe (weapon)
Armour
 b - a +2 leather armour
 d - +0 fire dragon scales (worn)
 i - a +0 pair of boots (worn)
 n - a +0 helmet (worn)
 o - a +2 pair of gloves (worn)
 t - a +0 cloak (worn)
Jewellery
 e - a +6 ring of strength (left hand)
 g - a ring of protection from fire (right hand)
 h - a ring of flight
Wands
 r - a wand of flame (13)
Scrolls
 f - a scroll of brand weapon
 j - a scroll of holy word
 k - a scroll of amnesia
 l - a scroll of enchant weapon
 q - a scroll of enchant armour


   Skills:
 + Level 7.6 Fighting
 + Level 6.3 Axes
 + Level 6.0 Armour
 - Level 0.7 Dodging


You had 8 spell levels left.
You didn't know any spells.
Your spell library contained the following spells:

 Spells                   Type           Power      Damage    Failure   Level
 Animate Skeleton         Necr           0%         N/A       65%         1
 Foxfire                  Conj/Fire      0%         2x1d4     65%         1
 Pain                     Necr           0%         1d4       65%         1
 Summon Small Mammal      Summ           0%         N/A       65%         1
 Blink                    Tloc           0%         N/A       78%         2
 Call Canine Familiar     Summ           0%         N/A       95%         3
 Conjure Flame            Conj/Fire      0%         6-21      95%         3
 Inner Flame              Hex/Fire       0%         N/A       95%         3
 Lesser Beckoning         Tloc           0%         N/A       95%         3
 Summon Guardian Golem    Hex/Summ       0%         N/A       95%         3
 Vampiric Draining        Necr           0%         2d6       95%         3
 Flame Wave               Conj/Fire      0%         2d4       100%        4
 Manifold Assault         Tloc           0%         N/A       100%        5


Dungeon Overview and Level Annotations

Branches:
Dungeon (9/15)
 Temple: D:4-7         Lair: D:8-11         Orc: D:9-12

Altars:
Cheibriados
Kikubaaqudgha
Vehumet
Xom


Innate Abilities, Weirdness & Mutations

You are immune to poison.
Your flesh is cold resistant. (rC+)
You are immune to negative energy. (rN+++)
You are immune to unholy pain and torment.
You are vulnerable to heat. (rF-)
You do not drink.


Message History

The wyvern bites you.
* * * LOW HITPOINT WARNING * * *
You hit the wyvern.
The wyvern is severely wounded.
The wyvern completely misses you. The wyvern bites you!
* * * LOW HITPOINT WARNING * * *
You closely miss the wyvern.
The wyvern is severely wounded.
The wyvern barely misses you.
Magic scrolls do not work when you're silenced!
The wyvern bites you!
* * * LOW HITPOINT WARNING * * *
You slash the wyvern!
The wyvern is almost dead.
The wyvern closely misses you.
The wyvern bites you but does no damage.
Magic scrolls do not work when you're silenced!
The wyvern misses you.
Your hearing returns.
Okay, then.
You can't drink.
Unknown command.
Okay, then.
You hit the wyvern but do no damage.
The wyvern is almost dead.
The wyvern misses you. The wyvern barely misses you.
You hit the wyvern.
The wyvern is almost dead.
The wyvern barely misses you.
You closely miss the wyvern.
The wyvern is almost dead.
The wyvern closely misses you. The wyvern barely misses you.
You hit the wyvern but do no damage.
The wyvern is almost dead.
The wyvern bites you but does no damage.
You hit the wyvern.
The wyvern is almost dead.
The wyvern completely misses you. The wyvern bites you!
You die...
Xom laughs nastily!

#.# #...# #.ll.#.# #.#
#...# ###.##.####### #.#
###### ##### #.#.........
#.# #....# #.########## #.#
#.##.# #.#### #...#
#.#####.##.# #....# #.#..
#.......##.# ####.# #.###
##########.##############.#
#.... ....#
#......@ll.......######.
###.#
##################......
#.# #.####. #.# #.# #. #.#
#.# ## ###.# #.# ....# #.#
##### #.# # #.#


You could see 2 wyverns.

Vanquished Creatures
  A lindwurm (shapeshifter) (D:6)
  A steam dragon (D:6)
  A water moccasin (D:6)
  A necrophage (D:5)
  An ice beast (D:5)
  A black bear (D:6)
  A phantom (D:5)
  3 scorpions
  A water moccasin skeleton (D:5)
  2 jellies (D:4)
  A bullfrog skeleton (D:6)
  3 hounds (D:5)
  A gnoll shaman (D:6)
  4 iguanas
  An orc wizard (D:3)
  A killer bee zombie (D:5)
  2 howler monkey zombies
  Robin (D:4)
  4 adders
  A gnoll (D:6)
  3 ufetubi
  A worm (D:2)
  6 dart slugs
  8 orcs
  8 endoplasms
  4 giant cockroaches
  15 goblins
  8 hobgoblins
  9 jackals
  A quokka (D:1)
  6 ball pythons
  7 bats
  3 frilled lizards
  7 rats
118 creatures vanquished.

Vanquished Creatures (collateral kills)
  A steam dragon (D:6)
  A necrophage (D:4)
  An ogre (D:4)
  A gnoll (D:6)
4 creatures vanquished.

Vanquished Creatures (others)
  A shadow (D:6)
1 creature vanquished.

Grand Total: 123 creatures vanquished

Notes
Turn   | Place    | Note
-------+----------+-------------------------------------------
     0 | D:1      | Zeldest the Mummy Chaos Knight began the quest for the Orb.
     0 | D:1      | Reached XP level 1. HP: 18/18 MP: 1/1
    62 | D:1      | XOM: divination: magic mapping
   167 | D:1      | Reached XP level 2. HP: 18/24 MP: 2/2
   227 | D:1      | XOM: divination: detect creatures
   357 | D:1      | XOM: divination: detect items
   386 | D:1      | Reached XP level 3. HP: 27/29 MP: 3/3
   870 | D:2      | XOM: silly message
  1038 | D:2      | Found an ancient bone altar of Kikubaaqudgha.
  1268 | D:2      | Found a faded altar of an unknown god.
  1526 | D:2      | Reached XP level 4. HP: 37/37 MP: 4/4
  1652 | D:2      | XOM: cloud trail
  1862 | D:3      | Reached skill level 4 in Fighting
  2279 | D:3      | XOM: enchant monster (bad)
  2297 | D:4      | Noticed Robin
  2307 | D:4      | Killed Robin
  2308 | D:4      | Reached XP level 5. HP: 8/42 MP: 5/5
  2693 | D:4      | Noticed a necrophage
  2696 | D:4      | Noticed an ogre
  2700 | D:4      | XOM: summons 5 friendly demons
  2702 | D:4      | Killed a necrophage
  2703 | D:4      | Reached XP level 6. HP: 49/49 MP: 6/6
  2764 | D:4      | Reached skill level 5 in Fighting
  2812 | D:4      | Found a radiant altar of Vehumet.
  3099 | D:3      | XOM: scenery: create altars
  3149 | D:3      | XOM: potion effect (heal wounds)
  3381 | D:5      | XOM: noise
  3381 | D:5      | Entered Level 5 of the Dungeon
  3389 | D:5      | Reached XP level 7. HP: 54/56 MP: 7/7
  3445 | D:5      | XOM: enchant monster (good)
  3465 | D:5      | XOM: cloud trail
  3566 | D:5      | XOM: confuse monster(s)
  3603 | D:6      | XOM: noise
  3665 | D:6      | Noticed a shapeshifter
  3665 | D:6      | an adder changed into a shapeshifter
  3665 | D:6      | a shapeshifter changed into a black bear
  3670 | D:6      | Noticed a lindwurm
  3670 | D:6      | a black bear changed into a lindwurm
  3673 | D:6      | XOM: confuse monster(s)
  3674 | D:6      | Killed a lindwurm
  3675 | D:6      | Reached skill level 6 in Fighting
  3675 | D:6      | Reached skill level 5 in Axes
  3675 | D:6      | Reached XP level 8. HP: 7/65 MP: 8/8
  3696 | D:6      | XOM: cast spell 'Dispersal'
  3906 | D:6      | XOM: scenery: create altars
  4005 | D:6      | Reached skill level 5 in Armour
  4096 | D:6      | XOM: 1-stop teleportation journey
  4147 | D:6      | XOM: 1-stop teleportation journey
  4148 | D:6      | XOM: summons friendly white imp
  4214 | D:6      | Reached skill level 7 in Fighting
  4294 | D:6      | XOM: polymorph gnoll -> hobgoblin
  4307 | D:6      | XOM: 1-stop teleportation journey
  4657 | D:6      | XOM: cleaving
  4789 | D:6      | XOM: divine lightning
  4813 | D:6      | You fall into a shaft and drop 3 floors!
  4813 | D:9      | XOM: stealth player
  4834 | D:8      | Found a snail-covered altar of Cheibriados.
  4845 | D:6      | Identified the +1 robe of Perpetual Drought {rElec rF+
                  | Stlth+}
  5191 | D:5      | Reached XP level 9. HP: 33/72 MP: 9/9
  5750 | D:6      | HP: 1/73 [wyvern (10)]
  5760 | D:6      | Mangled by a wyvern

Illustrated notes

Levels and vault maps discovered:
D:1:      erik_arrival_blinker_ship, layout_basic
D:2:      layout_basic, basic_altar,
          dreamdust_ecumenical_altar_angels_and_demons
D:3:      layout_rooms, minmay_misc_feat_iff, minmay_starry_boxes
D:4:      layout_rooms, nicolae_vehumet_altar_sigil, uniq_robin
D:5:      layout_cave_pools, enter_ossuary_2
D:6:      layout_basic
D:7:      layout_rooms, minmay_temple_entry_butterflies,
          hellmonk_ghost_happy_afterlife, kennysheep_small_circle,
          uniq_menkaure, uniq_duvessa, uniq_harold
D:8:      layout_loops_ring, cheibriados_altar_1, bloody_trog,
          grunt_lair_entry_orc_guard_hut, uniq_pikel
D:9:      layout_stronghold, grunt_gozag_breadcrumbs, serial_shops,
          nicolae_diamond_shop, nicolae_shop_bloodbath_and_beyond,
          nicolae_shop_advertising_works [nicolae_subvault_shop_adworks], shop,
          kennysheep_mini_moat, minivault_1

Skill      XL: |  1  2  3  4  5  6  7  8  9 |
---------------+----------------------------+-----
Armour         | 2 3 4 5 6 |  6.0
Axes           | 3 4 5 6 |  6.3
Fighting       | 4 5 6 7 |  7.6
Dodging        | |  0.7

Action                   |  1- 3 |  4- 6 |  7- 9 || total
-------------------------+-------+-------+-------++-------
Melee: Hand axe          |   115 |   138 |   247 ||   500
       Punch             |       |     1 |     4 ||     5
Evoke: Wand              |       |       |     8 ||     8
  Use: Scroll            |       |       |    10 ||    10
 Stab: Paralysed         |     2 |     1 |     8 ||    11
Armor: Leather armour    |    21 |       |       ||    21
       Fire dragon scale |    37 |    83 |   161 ||   281
Dodge: Dodged            |    94 |    61 |   126 ||   281

Table legend: (Time is in decaauts)
 A = Elapsed time spent in this place.
 B = Non-inter-level travel time spent in this place.
 C = Inter-level travel time spent in this place.
 D = Time resting spent in this place.
 E = Time spent auto-exploring this place.
 F = Levels seen in this place.
 G = Mean time per level.
                   A        B        C        D        E       F      G
               +--------+--------+--------+--------+--------+-----+--------+
         Total |   5802 |   5542 |    260 |   1392 |   2802 |   9 |  644.7 |
       Dungeon |   5802 |   5542 |    260 |   1392 |   2802 |   9 |  644.7 |
               +--------+--------+--------+--------+--------+-----+--------+

Top non-repeatable levels by time:
     D:6: 1531 daAuts
     D:2: 1123 daAuts
     D:4: 986 daAuts
     D:1: 750 daAuts
     D:3: 733 daAuts
     D:5: 647 daAuts
     D:9: 20 daAuts
     D:7: 5 daAuts
     D:8: 3 daAuts
